 Dungeon Sprint DCSS version 0.31-a0-654-gbe3e110b4e (webtiles) character file.

Game seed: 14072714623333185175

287831 Midn8 the Ninja (level 13, 62/66 (69) HPs)
             Began as a Felid Enchanter on Aug 29, 2023.
             Was the Champion of Dithmenos.
             Escaped with the Orb!
             The game lasted 00:20:11 (3411 turns).

Midn8 the Ninja (Felid Enchanter)                   Turns: 3411, Time: 00:20:12

HP:   62/66 (69)    AC:  3    Str:  4    XL:     13   Next: 38%
MP:   20/20         EV: 45    Int: 16    God:    Dithmenos [******]
Gold: 358           SH:  0    Dex: 22    Spells: 14/16 levels left
                                        Lives: 0   Deaths: 5

rFire   . .          .
                       - Unarmed
rCold   + . .        (shield unavailable)
rNeg    . . .        (body armour unavailable)
rPois   .            (helmet unavailable)
rElec   .            (cloak unavailable)
rCorr   .            (gloves unavailable)
SInv    +            (boots unavailable)
Will    +....        h - amulet of invisibility {+Inv}
Stlth   ++++++       s - +5 ring of evasion
HPRegen 0.31/turn    o - +5 ring of evasion
MPRegen 0.17/turn

%: no teleportation
@: wreathed by umbra, lightly drained, quick
A: very small, claws 1, fangs 3, see invisible, speed 1, shaggy fur 3, stealthy
paws, no weapons or thrown items, no armour, multi-lived
0: Orb of Zot
a: Renounce Religion, Evoke Invisibility, Shadow Step, Shadow Form


You escaped.
You worshipped Dithmenos.
Dithmenos was exalted by your worship.
You visited 1 branch You collected 484 gold pieces.
You spent 126 gold pieces at shops.

Inventory:

Jewellery
 f - a +6 ring of intelligence
 h - the amulet of invisibility (around neck) {+Inv}
   (You found it in the Dungeon)

   [amulet of nothing]

   +Inv:      It lets you turn invisible.
 l - an amulet of the acrobat
 n - a ring of protection from cold
 o - a +5 ring of evasion (right paw)
 q - the ring of Suspicion {Fly rElec rPois Int+4}
   (You found it in the Dungeon)

   [ring of flight]

   Int+4:     It affects your intelligence (+4).
   rElec:     It insulates you from electricity.
   rPois:     It protects you from poison Fly: It grants you flight.
 r - the amulet of Qonunepn {RegenMP Int+6 Stlth+}
   (You found it in the Dungeon)

   [amulet of magic regeneration]

   RegenMP:   It increases your rate of magic regeneration.
   Int+6:     It affects your intelligence (+6).
   Stlth+:    It makes you more stealthy.
 s - a +5 ring of evasion (left paw)
Wands
 m - a wand of flame (29)
Scrolls
 g - a scroll of blinking
 i - 2 scrolls of vulnerability {unknown}
 j - a scroll of revelation {unknown}
 k - a scroll of poison {unknown}
Potions
 a - a potion of invisibility
 b - a potion of curing
 c - a potion of heal wounds
 d - 2 potions of lignification
 e - 2 potions of magic


   Skills:
 - Level 15.0 Fighting
 - Level 18.0 Dodging
 O Level 27 Stealth
 + Level 20.7 Unarmed Combat
 - Level 2.0 Spellcasting
 - Level 4.4 Hexes
 - Level 8.0 Invocations
 - Level 8.0 Evocations


You had 14 spell levels left.
You knew the following spells:

 Your Spells              Type           Power      Damage    Failure   Level
e - Ensorcelled Hibernat  Hex/Ice        16%        N/A       13%         2

Your spell library contained the following spells:

 Spells                   Type           Power      Damage    Failure   Level
 Slow                     Hex            60%        N/A       3%          1
 Confusing Touch          Hex            15%        N/A       11%         3
 Tukima's Dance           Hex            15%        N/A       11%         3
 Dazzling Flash           Conj/Hex       16%        N/A       26%         3
 Poisonous Vapours        Pois/Air       2%         N/A       30%         2
 Searing Ray              Conj           2%         2d4       30%         2
 Cause Fear               Hex            7%         N/A       34%         4
 Ozocubu's Armour         Ice            1%         N/A       52%         3
 Leda's Liquefaction      Hex/Erth       4%         N/A       63%         4
 Airstrike                Air            0%         2d(1-17)  90%         4
 Flame Wave               Conj/Fire      1%         2d4       90%         4
 Plasma Beam              Fire/Air       0%         2x1d10    100%        6
 Ozocubu's Refrigeration  Ice            0%         4d7       100%        7


Dungeon Overview and Level Annotations

Branches:
Dungeon (1/1)

Altars:
Cheibriados
Dithmenos
Elyvilon
Gozag
Hepliaklqana
Kikubaaqudgha
Makhleb
Nemelex Xobeh
Okawaru
Qazlal
Ru
Sif Muna
Trog
Uskayaw
Vehumet
Wu Jian
Xom
Yredelemnul
Zin
The Shining One
Jiyva
Lugonu

Shops:
D *(::?(*(![[(!:(:*!![:


Innate Abilities, Weirdness & Mutations

You have sharp claws.
You have razor-sharp teeth.
You have supernaturally acute eyesight. (SInv)
You cover ground quickly. (Speed+)
Your thick and shaggy fur keeps you warm. (AC +3, rC+)
Your paws help you pounce on unaware monsters.
You are incapable of wielding weapons or throwing items.
You cannot wear armour.
You gain extra lives every three experience levels.


Message History

Unknown command.
You mangle the killer bee!!
You kill the killer bee!
The killer bee's corpse dissolves into shadows!
The killer bee completely misses you. x2; The killer bee misses you.
The killer bee completely misses you.
The killer bee completely misses you. x2; The killer bee misses you.
The killer bee completely misses you. x2
The killer bee stings the bush but does no damage.
The killer bee barely misses you. The killer bee completely misses you.
The killer bee completely misses you.
The killer bee stings the bush!
The killer bee stings the bush but does no damage.
The shadow demon hits the bush!
The killer bee stings the bush but does no damage.
Something stings the bush.
The killer bee stings the bush.
The killer bee stings the bush.
The killer bee stings the bush but does no damage.
The killer bee stings something but does no damage.
Things that are here:
a +0 hand axe; a +0 animal skin
There is an open door here.
There is an open door here.
You hear an angry buzzing noise.
There is an open door here.
You flicker for a moment.
You flicker back into view.
There is an open door here.
There is an open door here.
There is an open door, spattered with blood here.
You see here a +0 rapier.
There is an open door here.
There is an open door here.
Your magical contamination has completely faded away.
There is an open door here.
There is an open door, spattered with blood here.
There is a staircase leading out of the dungeon here.
You have escaped!

##################
#@..P#.....#.....#
#....'.....'.#...'
#....#.....#.#...#
###############'##
#...♣........'...#
#......♣.....#...#
#.....♣.)♣..######
##'####'######..'.
#..#..[.'.......#♣


There were no monsters in sight!

Vanquished Creatures
  the Enchantress (D)
  Agnes (D)
  2 ghost moths (D)
  6 spriggan defenders (D)
  5 spriggan berserkers (D)
  4 demonic crawlers (D)
  A sixfirhy (D)
  4 spriggan druids (D)
  3 moths of wrath (D)
  25 oklob plants (D)
  3 burning bushes (D)
  3 wandering mushrooms (D)
  2 queen bees (D)
  10 hornets (D)
  4 scorpions (D)
  4 killer bees (D)
  5 oklob saplings (D)
  11 spriggans (D)
  A river rat (D)
  A rat (D)
  2 ballistomycete spores (D)
98 creatures vanquished.

Notes
Turn   | Place    | Note
-------+----------+-------------------------------------------
     0 | D        | Midn8 the Felid Enchanter began the quest for the Orb.
     0 | D        | Reached XP level 1. HP: 7/7 MP: 4/4
    10 | D        | Reached skill level 7 in Stealth
    10 | D        | Reached XP level 2. HP: 11/11 MP: 6/6
    56 | D        | Noticed an oklob sapling
    57 | D        | Killed an oklob sapling
    58 | D        | Reached skill level 8 in Stealth
    58 | D        | Reached XP level 3. HP: 14/14 MP: 7/7
    59 | D        | Noticed a scorpion
    59 | D        | Found the amulet of invisibility {+Inv}
    61 | D        | Killed a scorpion
    62 | D        | Reached skill level 11 in Stealth
    62 | D        | Reached XP level 4. HP: 18/18 MP: 8/8
    86 | D        | Found an opulent altar of Gozag.
    86 | D        | Found a hazy altar of Hepliaklqana.
    86 | D        | Found a burning altar of Makhleb.
    86 | D        | Found a sparkling altar of Nemelex Xobeh.
    86 | D        | Found a snail-covered altar of Cheibriados.
    86 | D        | Found a sacrificial altar of Ru.
    86 | D        | Found a shimmering blue altar of Sif Muna.
    86 | D        | Found a shimmering altar of Xom.
    86 | D        | Found a basalt altar of Yredelemnul.
    87 | D        | Found a viscous altar of Jiyva.
    87 | D        | Found a bloodstained altar of Trog.
    87 | D        | Found an ornate altar of the Wu Jian Council.
    88 | D        | Found an iron altar of Okawaru.
    88 | D        | Found a shadowy altar of Dithmenos.
    88 | D        | Found a glowing silver altar of Zin.
    89 | D        | Found an ancient bone altar of Kikubaaqudgha.
    89 | D        | Found a hide-covered altar of Uskayaw.
    90 | D        | Found a stormy altar of Qazlal.
    90 | D        | Found a glowing golden altar of the Shining One.
    90 | D        | Found a white marble altar of Elyvilon.
    91 | D        | Found a radiant altar of Vehumet.
    91 | D        | Found a corrupted altar of Lugonu.
    95 | D        | Reached skill level 12 in Stealth
    95 | D        | Reached skill level 5 in Dodging
    95 | D        | Reached XP level 5. HP: 21/21 MP: 9/9
   104 | D        | Became a worshipper of Dithmenos the Shadowed
   129 | D        | Reached skill level 13 in Stealth
   167 | D        | Noticed a queen bee
   246 | D        | Reached skill level 5 in Unarmed Combat
   289 | D        | Mangled by a spriggan
   299 | D        | HP: 1/21 [spriggan/+0 rapier (20)]
   300 | D        | Slain by a spriggan
   301 | D        | Noticed an oklob plant
   301 | D        | Noticed an oklob plant shifter
   301 | D        | Noticed an oklob plant summoner
   306 | D        | Killed an oklob plant summoner
   306 | D        | Reached * piety under Dithmenos
   307 | D        | Reached skill level 16 in Stealth
   307 | D        | Gained mutation: You are covered in thick fur. (AC +2)
                  | [Felid growth]
   307 | D        | Reached XP level 6. HP: 28/28 MP: 10/10
   309 | D        | Killed an oklob plant shifter
   310 | D        | Reached skill level 10 in Unarmed Combat
   310 | D        | Reached XP level 7. HP: 32/32 MP: 11/11
   311 | D        | Killed an oklob plant
   312 | D        | Reached skill level 19 in Stealth
   312 | D        | Reached XP level 8. HP: 36/36 MP: 12/12
   350 | D        | Noticed a demonic crawler
   352 | D        | Killed a demonic crawler
   352 | D        | Reached ** piety under Dithmenos
   353 | D        | Reached skill level 20 in Stealth
   353 | D        | Reached skill level 21 in Stealth
   439 | D        | Noticed an oklob plant conjurer
   442 | D        | Killed an oklob plant conjurer
   443 | D        | Reached skill level 22 in Stealth
   474 | D        | Noticed a spriggan druid
   477 | D        | Killed a spriggan druid
   478 | D        | Reached skill level 24 in Stealth
   478 | D        | Reached XP level 9. HP: 39/39 MP: 13/13
   515 | D        | Noticed a wandering mushroom
   515 | D        | Noticed an oklob plant
   516 | D        | Noticed a burning bush
   517 | D        | Killed a wandering mushroom
   517 | D        | Reached *** piety under Dithmenos
   521 | D        | Killed an oklob plant
   522 | D        | Reached skill level 10 in Dodging
   526 | D        | Killed a burning bush
   552 | D        | Noticed a burning bush
   557 | D        | Killed a burning bush
   557 | D        | Reached **** piety under Dithmenos
   558 | D        | Reached skill level 25 in Stealth
   590 | D        | Got the Folio of Bombardment and Imprecation
   719 | D        | Noticed an oklob plant
   722 | D        | Killed an oklob plant
   723 | D        | Reached skill level 26 in Stealth
   723 | D        | Reached XP level 10. HP: 42/42 MP: 14/14
   771 | D        | Reached ***** piety under Dithmenos
   853 | D        | Slain by a spriggan
   872 | D        | Found Ifiwado's Weapon Shop.
   877 | D        | Found Laaloijeru's Book Emporium.
   898 | D        | Found Acamih's Distillery.
   905 | D        | Found Xoimuom's Distillery.
   938 | D        | Learned a level 2 spell: Ensorcelled Hibernation
   952 | D        | Identified the +9 longbow of Xiproilu {speed, rF+ rC+
                  | Int+3}
  1044 | D        | Noticed Agnes
  1045 | D        | Found Laula's Book Emporium.
  1045 | D        | Found Voplokaly's Assorted Antiques.
  1046 | D        | Killed Agnes
  1074 | D        | Noticed a spriggan defender
  1077 | D        | Killed a spriggan defender
  1119 | D        | Noticed a spriggan berserker
  1121 | D        | Killed a spriggan berserker
  1124 | D        | Noticed a spriggan rider
  1127 | D        | Killed a spriggan rider
  1128 | D        | Reached XP level 11. HP: 43/46 MP: 10/17
  1215 | D        | Noticed a demonic crawler
  1215 | D        | Noticed a ghost moth
  1216 | D        | Found Ropa's Book Emporium.
  1216 | D        | Found Kuil's Antique Weapon Boutique.
  1216 | D        | Found Amoc's General Store.
  1218 | D        | Killed a ghost moth
  1219 | D        | Killed a demonic crawler
  1220 | D        | Reached ****** piety under Dithmenos
  1281 | D        | Noticed an oklob plant meteorologist
  1282 | D        | Noticed an oklob plant shifter
  1286 | D        | Killed an oklob plant meteorologist
  1326 | D        | Killed an oklob plant shifter
  1366 | D        | Noticed a demonic crawler
  1367 | D        | Noticed a spriggan rider
  1370 | D        | Killed a demonic crawler
  1372 | D        | Killed a spriggan rider
  1426 | D        | Noticed an oklob plant summoner
  1427 | D        | Found Usiechoi's Weapon Emporium.
  1428 | D        | Found Cezusem's Distillery.
  1433 | D        | Killed an oklob plant summoner
  1440 | D        | Bought a potion of lignification for 42 gold pieces
  1467 | D        | Found Dunimpet's Magic Scroll Shoppe.
  1467 | D        | Found Retoutwi's Weapon Boutique.
  1467 | D        | Found Dihoemei's Book Shop.
  1467 | D        | Found Pohaq's Antique Weapon Emporium.
  1467 | D        | Found Nopn's General Store.
  1468 | D        | Found Hicwa's Antique Armour Emporium.
  1468 | D        | Found Cuyg's Armour Shop.
  1468 | D        | Found Noinyd's Distillery.
  1509 | D        | Noticed an oklob plant
  1509 | D        | Noticed an oklob plant
  1509 | D        | Noticed an oklob plant
  1510 | D        | Noticed an oklob plant
  1510 | D        | Noticed an oklob plant
  1510 | D        | Noticed an oklob plant
  1510 | D        | Noticed an oklob plant
  1511 | D        | Killed an oklob plant
  1512 | D        | Reached skill level 15 in Unarmed Combat
  1512 | D        | Noticed an oklob plant
  1513 | D        | Killed an oklob plant
  1514 | D        | Noticed an oklob plant
  1515 | D        | Killed an oklob plant
  1516 | D        | Noticed an oklob plant
  1517 | D        | Killed an oklob plant
  1518 | D        | Noticed an oklob plant
  1519 | D        | Killed an oklob plant
  1520 | D        | Noticed an oklob plant
  1521 | D        | Killed an oklob plant
  1523 | D        | Killed an oklob plant
  1525 | D        | Killed an oklob plant
  1526 | D        | Gained mutation: Your thick and shaggy fur keeps you warm.
                  | (AC +3, rC+) [Felid growth]
  1526 | D        | Reached XP level 12. HP: 55/55 MP: 19/19
  1572 | D        | Identified the ring of Suspicion {Fly rElec rPois Int+4}
  1574 | D        | Reached skill level 10 in Fighting
  1581 | D        | Got the Omnibus of Conduction and the Curse
  1604 | D        | Identified the amulet of Qonunepn {RegenMP Int+6 Stlth+}
  1743 | D        | Found Bevud's Armour Emporium.
  1744 | D        | Found Veliet's Book Shoppe.
  1748 | D        | Reached skill level 27 in Stealth
  1918 | D        | Noticed a spriggan defender
  1918 | D        | Noticed a spriggan defender
  1942 | D        | Slain by a spriggan defender
  1956 | D        | Killed a spriggan defender
  2097 | D        | Reached skill level 15 in Dodging
  2357 | D        | Noticed a ghost moth
  2362 | D        | Killed a ghost moth
  2543 | D        | Noticed a spriggan defender
  2544 | D        | Noticed a demonic crawler
  2545 | D        | Killed a spriggan defender
  2573 | D        | Killed a demonic crawler
  2574 | D        | Reached XP level 13. HP: 64/64 MP: 18/20
  2701 | D        | Bought a potion of lignification for 42 gold pieces
  2701 | D        | Bought a potion of lignification for 42 gold pieces
  2809 | D        | Noticed the Enchantress
  2811 | D        | Killed the Enchantress
  2962 | D        | Mangled by a spriggan defender
  3128 | D        | Killed a spriggan defender
  3162 | D        | Noticed a spriggan defender
  3164 | D        | Noticed a spriggan defender
  3165 | D        | Killed a spriggan defender
  3166 | D        | Reached skill level 15 in Fighting
  3166 | D        | Killed a spriggan defender
  3190 | D        | Got the Orb of Zot
  3212 | D        | Noticed a cacodemon
  3225 | D        | Noticed a Tzitzimitl
  3411 | D        | Escaped with the Orb!

Illustrated notes

Levels and vault maps discovered:
D:        dungeon_sprint_fedhas [sprint_temple]

Skill      XL: |  1  2  3  4  5  6  7  8  9 10 11 12 13 |
---------------+----------------------------------------+-----
Stealth        | 7 8 11 12 16 19 24 26 27 | 27.0
Unarmed Combat | 4 7 10 14 17 20 | 20.7
Dodging        | 5 6 10 12 17 18 | 18.0
Fighting       | 4 8 12 15 | 15.0
Invocations    | 7 8 |  8.0
Evocations     | 8 |  8.0
Spellcasting   | |  2.0
Hexes          | |  4.4

Action                     |  1- 3 |  4- 6 |  7- 9 | 10-12 | 13-15 || total
---------------------------+-------+-------+-------+-------+-------++-------
  Melee: Unarmed           |     5 |    22 |    23 |   159 |    48 ||   257
         Bite              |       |     2 |     1 |    18 |       ||    21
         Punch             |       |       |     2 |     9 |     4 ||    15
 Invoke: Shadow Step       |       |       |       |    11 |     4 ||    15
         Shadow Form       |       |       |       |       |     1 ||     1
Ability: Evoke Invisibilit |       |     7 |    10 |    21 |     9 ||    47
  Evoke: Wand              |       |       |       |     1 |       ||     1
    Use: Potion            |     1 |     1 |       |     2 |       ||     4
   Stab: Sleeping          |     2 |     5 |    11 |    39 |     5 ||    62
         Invisible         |       |       |     2 |     4 |     2 ||     8
         Distracted        |       |       |       |     1 |       ||     1
 Armour: Skin              |       |       |       |    12 |     2 ||    14
  Dodge: Dodged            |     2 |    27 |     9 |    88 |    70 ||   196

Table legend: (Time is in decaauts)
 A = Elapsed time spent in this place.
 B = Non-inter-level travel time spent in this place.
 C = Inter-level travel time spent in this place.
 D = Time resting spent in this place.
 E = Time spent auto-exploring this place.
 F = Levels seen in this place.
 G = Mean time per level.
                   A        B        C        D        E       F      G
               +--------+--------+--------+--------+--------+-----+--------+
         Total |   3060 |   2789 |    271 |   1488 |     97 |   1 | 3060.0 |
       Dungeon |   3060 |   2789 |    271 |   1488 |     97 |   1 | 3060.0 |
               +--------+--------+--------+--------+--------+-----+--------+

Top non-repeatable levels by time:
       D: 3060 daAuts
